AoeStats
← cupiim

Arena

509443880Analyzed
1v1 RM · 6d ago on Sep 26, 2026· 72m 47s· 2 players
Game mode
Random Map
Map size
Tiny (2 player)
Population
200
Speed
Normal
Resources
Standard
Victory
Conquest
Starting age
Dark Age
Ending age
Imperial Age
RankedLock teamsTeams togetherTeam positionsShared explorationLock speedFull tech treeHidden civsTurbo modeCheats
Victory
Defeat
🇳🇴 Malay · Norway
579
+13
🇧🇷 Chinese · Brazil
510
-13
cupiim
10:08 Feudal Age
8:25 Loom
10:43 Double-Bit Axe
11:03 Horse Collar
15:31 Wheelbarrow
16:50 Gold Mining
16:51 Stone Mining
17:02 Man-at-Arms
21:52 Castle Age
21:49 Bloodlines
23:13 Heavy Plow
25:24 Bow Saw
24:39 Pikeman
24:44 Long Swordsman
25:29 Squires
25:34 Husbandry
26:38 Forging
28:06 Crossbowman
29:52 Murder Holes
30:32 Light Cavalry
36:08 Imperial Age
34:13 Fortified Wall
34:37 Fletching
36:18 Ballistics
36:08 Scale Barding Armor
36:06 Scale Mail Armor
37:19 Iron Casting
36:40 Bodkin Arrow
36:47 Padded Archer Armor
37:06 Sappers
37:58 Conscription
40:55 Chemistry
40:02 Great Wall
39:53 Cavalier
40:11 Elite Skirmisher
40:57 Capped Ram
41:06 Two-Handed Swordsman
42:56 Thumb Ring
43:25 Heated Shot
46:24 Masonry
48:21 Heavy Scorpion
48:37 Arbalester
50:42 Gold Shaft Mining
52:09 Bombard Tower
53:58 Town Watch
54:29 Hand Cart
54:37 Hand Cart
57:43 Architecture
65:48 Chain Mail Armor
67:45 Blast Furnace
70:46 Leather Archer Armor
72:01 Bracer
72:32 Plate Mail Armor
OMEGA
0:28 Loom
14:07 Feudal Age
15:05 Double-Bit Axe
15:06 Horse Collar
20:07 Castle Age
23:38 Man-at-Arms
24:19 Squires
23:40 Pikeman
31:50 Imperial Age
30:38 Crossbowman
31:24 Thumb Ring
30:40 Elite Skirmisher
32:03 Arbalester
33:07 Bow Saw
35:32 Forced Levy
35:53 Conscription
35:45 Long Swordsman
35:47 Halberdier
36:14 Arson
36:25 Fletching
36:36 Padded Archer Armor
36:46 Two-Handed Swordsman
37:29 Bodkin Arrow
39:03 Bracer
39:19 Leather Archer Armor
39:16 Forging
39:33 Town Watch
40:24 Wheelbarrow
40:11 Gold Mining
41:00 Ballistics
40:38 Murder Holes
41:57 Chemistry
43:17 Husbandry
42:38 Light Cavalry
43:24 Town Patrol
43:40 Hand Cart
44:04 Ring Archer Armor
44:10 Iron Casting
47:46 Blast Furnace
53:24 Heavy Plow
Connection lost

Rejoining the realm…

Still unreachable

The connection could not be restored.

Session expired

The server has moved on; the page needs a fresh start.